[Event "Hungarian Championship Women 2022"]
[Site "Budapest"]
[Date "2022.12.06"]
[Round "2.5"]
[White "Demeter, Dorina"]
[Black "Karacsonyi, Kata"]
[Result "1-0"]
[ECO "A35"]
[WhiteElo "2149"]
[BlackElo "2109"]
[Annotator "TA"]
[PlyCount "69"]
[EventDate "2022.12.03"]
[EventType "tourn"]
[EventCountry "HUN"]
[SourceTitle "playchess.com"]
[Source "ChessBase"]
[SourceQuality "1"]
[TimeControl "40/5400+30:1800+30"]

1. c4 c5 2. Nc3 Nc6 3. Nf3 g6 4. e3 e5 5. d4 d6 6. Be2 {[%emt 0:14:57] A35: Symmetrical English: 2 Nc3 Nc6 3 Nf3.} exd4 7. exd4 {[%emt 0:00:05] [#]} Bg4 $146 ({Predecessor:} 7... Bg7 8. Be3 b6 9. O-O Nge7 10. Qd2 Bg4 11. d5 Bxf3 12. Bxf3 Nd4 13. Bxd4 Bxd4 {0-1 (61) Zhu,J (2484)-Sernecki,F (2309) Chess.com INT 2022}) 8. Be3 {[%emt 0:05:36] White is better.} Nf6 9. O-O Be7 10. d5 Bxf3 11. Bxf3 Ne5 12. Be2 Qd7 (12... O-O $142) 13. h3 $16 {[%emt 0:01:33] [#] Hoping for f4.} Qd8 14. Bh6 Bf8 15. Qd2 Ng8 (15... Bxh6 $16 {keeps fighting.} 16. Qxh6 Qe7) 16. Bg5 $18 Be7 17. Bxe7 Qxe7 (17... Nxe7 18. Ne4 O-O) 18. Rae1 {[%emt 0:01:59] f4 is the strong threat.} Kf8 $2 (18... g5 {was necessary.} 19. Ne4 O-O-O 20. Qxg5 (20. Nxg5 h6 $18) 20... Qxg5 21. Nxg5 Rf8) 19. f4 Nd7 20. Bg4 Qd8 21. f5 Kg7 (21... Ndf6 $142 22. Bd1 a6) 22. Ne4 {[%emt 0:02:27] aiming for fxg6.} Ne5 23. Qc3 f6 24. fxg6 hxg6 25. Be6 f5 {[%emt 0:01:02] [#]} (25... b6 $142 26. Qg3 Nh6 27. Rxf6 Rf8) 26. Nxd6 $1 Qxd6 27. Bxg8 ({Less strong is} 27. Qxe5+ Qxe5 28. Rxe5 Nf6 $16) 27... Rhxg8 (27... Re8 $142 28. Be6 Kf6) 28. Rxe5 {[%emt 0:00:04] Threatening mate with Re6+.} ({Not} 28. Qxe5+ Qxe5 29. Rxe5 Rge8 $18) 28... Kh7 29. Re6 Qd7 30. Qf6 Rg7 31. Rfe1 {[%emt 0:00:33] Strongly threatening Re7.} Qf7 32. Qh4+ Kg8 33. Re7 (33. Rf6 $142) 33... Qf8 (33... g5 $142) 34. d6 Rd8 35. Rxg7+ {[%emt 0:00:11] Weighted Error Value: White=0.54/Black=0.73} 1-0

[Event "Hungarian Championship Women 2022"]
[Site "Budapest"]
[Date "2022.12.07"]
[Round "3.1"]
[White "Karacsonyi, Kata"]
[Black "Terbe, Zsuzsanna"]
[Result "1/2-1/2"]
[ECO "C03"]
[WhiteElo "2109"]
[BlackElo "2114"]
[Annotator "TA"]
[PlyCount "115"]
[EventDate "2022.12.03"]
[EventType "tourn"]
[EventCountry "HUN"]
[SourceTitle "playchess.com"]
[Source "ChessBase"]
[SourceQuality "1"]
[TimeControl "40/5400+30:1800+30"]

1. e4 e6 2. d4 d5 3. Nd2 Be7 4. c3 c5 5. exd5 exd5 6. dxc5 {[%emt 0:05:12] C03: French Tarrasch: Unusual Black 3rd moves.} Bxc5 7. Bb5+ Nc6 8. Qe2+ {[%emt 0:00:41] [#] The position is equal.} Be7 $146 ({Predecessor:} 8... Nge7 9. Ngf3 O-O 10. Nb3 Bd6 11. O-O Re8 12. Nbd4 Bd7 13. Qd3 a6 14. Bxc6 bxc6 {0-1 (38) Van der Velde,W (1991)-Van de Griendt,J (2342) Hilversum 2016}) 9. Nb3 Nf6 10. Nd4 Bd7 11. Ngf3 O-O 12. O-O Re8 13. Qd1 a6 {[%emt 0:02:12] And now ...Nxd4 would win.} 14. Ba4 Rc8 15. h3 h6 16. Re1 Bc5 17. Rxe8+ Qxe8 18. Bc2 Nxd4 19. Nxd4 Qe5 20. Be3 Bd6 {[%emt 0:01:37] White must now prevent ...Qh2+.} 21. Nf3 {[%emt 0:00:16] Against Qh2+} Qh5 22. Bd4 {[%emt 0:05:42] Strongly threatening Bxf6.} Ne4 {[%emt 0:04:22] [#]} 23. Ne5 $1 Qxd1+ 24. Rxd1 Be6 25. Nf3 Be7 26. Nd2 Nd6 27. f4 h5 28. Re1 Bh4 29. Re2 Kf8 30. Nf1 g6 (30... Nb5 $11 {keeps the balance.}) 31. Bxg6 (31. g3 $16 Be7 {[#]} 32. Bxg6 $1) 31... Bxh3 (31... Nb5 $1 $11 {remains equal.}) 32. Bxh5 $16 Bf5 (32... Be6 $16) 33. g3 Bd8 34. Nd2 {[%emt 0:02:24] White is more active.} Nb5 35. Nb3 Bd3 36. Rd2 Bc4 (36... Be4 $16) 37. Kg2 (37. Be3 $18) 37... Nxd4 38. Rxd4 Bf6 {[%emt 0:00:06] ...Bxb3 is the strong threat.} 39. Rd2 b6 40. Bf3 Rd8 41. Nc1 d4 42. b3 Be6 43. cxd4 (43. c4 $16) 43... Rxd4 $14 44. Rxd4 Bxd4 $16 {[%emt 0:00:03][%mdl 4096] Endgame KBB-KBN} 45. Ne2 Bb2 46. g4 f6 47. Kf2 a5 48. f5 Bf7 49. Bc6 Ke7 50. Nf4 Kd6 51. Be4 a4 52. Bc2 Bd4+ 53. Kf3 Bd5+ (53... Bb2 $11) 54. Be4 (54. Nxd5 $14 Kxd5 55. bxa4) 54... Bf7 55. Bc2 ({White should play} 55. bxa4 $11 Bxa2 56. Bd3) 55... Bd5+ $14 56. Nxd5 Kxd5 57. bxa4 Ke5 58. Bb3 {[%emt 0:00:14] Black escapes into a draw.   Weighted Error Value: White=0.11 (very precise) /Black=0.15 (very precise)} 1/2-1/2

[Event "Hungarian Championship Women 2022"]
[Site "Budapest"]
[Date "2022.12.07"]
[Round "3.2"]
[White "Mihok-Juhasz, Barbara"]
[Black "Demeter, Dorina"]
[Result "1/2-1/2"]
[ECO "C42"]
[WhiteElo "2206"]
[BlackElo "2149"]
[Annotator "TA"]
[PlyCount "73"]
[EventDate "2022.12.03"]
[EventType "tourn"]
[EventCountry "HUN"]
[SourceTitle "playchess.com"]
[Source "ChessBase"]
[SourceQuality "1"]
[TimeControl "40/5400+30:1800+30"]

1. e4 e5 2. Nf3 Nf6 3. Nxe5 d6 4. Nf3 Nxe4 5. d4 d5 6. Bd3 Nc6 7. O-O Be7 8. c3 O-O 9. Nbd2 Bf5 10. Qc2 Nxd2 {[%emt 0:00:44] C42: Petroff Defence: 3 Nxe5 and unusual White 3rd moves.} 11. Bxd2 Bxd3 12. Qxd3 h6 {[%emt 0:17:40] White is slightly better.} 13. Rfe1 Qd7 14. Bf4 Rfe8 {[%emt 0:07:29] [#]} 15. Qb5 $146 (15. Re2 {simplifies} Bd6 16. Bxd6 Rxe2 17. Qxe2 Qxd6 18. Re1) ({Predecessor:} 15. Re2 Bd6 16. Bxd6 Rxe2 17. Qxe2 Qxd6 18. Re1 a6 19. g3 Rd8 20. Kg2 Qf6 21. Qc2 {½-½ (31) Georgescu,L (2259)-Gaehwiler,G (2402) Switzerland 2021}) 15... Bd6 16. Qxd5 {[%emt 0:23:18] [#]} (16. Bxd6 $14 Qxd6 17. Rxe8+ (17. Qxb7 Reb8 $11) 17... Rxe8 18. g3 (18. Qxb7 Rb8 $11)) 16... Ne7 $1 $17 17. Rxe7 Qxe7 18. Bxd6 cxd6 (18... Qxd6 {simplifies} 19. Qxd6 cxd6 20. Kf1 g5) 19. h3 Qc7 20. a4 Re2 21. Qb5 Re7 22. Rd1 Rae8 23. c4 Qc6 24. Qb3 Re2 25. a5 Qe4 {[%emt 0:01:43] Against Rb1} 26. Rc1 {[%emt 0:02:16] Against Qc2} Qf4 27. Rf1 Qe4 (27... R8e7 $17 28. Qc3 Qf6) 28. Rc1 $1 $19 g5 29. c5 (29. Rf1 $142) 29... Qf4 30. Rd1 (30. Rf1 $142) 30... dxc5 31. dxc5 Qf6 (31... Qf5 $19 32. Qd5 Qxd5 33. Rxd5 Rxb2) 32. Qxb7 $17 Qxb2 33. Qd7 R8e7 (33... Qc2 $19 34. c6 Qc5) 34. Qd8+ Re8 (34... Kg7 $17 35. c6 Qc2) 35. Qd7 $19 R8e7 {[%emt 0:00:36] Prevents h4.} ({Black should try} 35... Qc2 $19 36. c6 R2e6) 36. Qd8+ $1 $17 Re8 (36... Kh7 $17 37. Qd3+ Kg7) 37. Qd7 {[%emt 0:00:30] Weighted Error Value: White=0.21 (precise) /Black=0.40} 1/2-1/2

[Event "Hungarian Championship Women 2022"]
[Site "Budapest"]
[Date "2022.12.07"]
[Round "3.3"]
[White "Szente Varga, Fruzsina"]
[Black "Havanecz, Bianka"]
[Result "1/2-1/2"]
[ECO "C47"]
[WhiteElo "2075"]
[BlackElo "2210"]
[Annotator "TA"]
[PlyCount "65"]
[EventDate "2022.12.03"]
[EventType "tourn"]
[EventCountry "HUN"]
[SourceTitle "playchess.com"]
[Source "ChessBase"]
[SourceQuality "1"]
[TimeControl "40/5400+30:1800+30"]

1. e4 e5 2. Nf3 Nc6 3. Nc3 Nf6 4. d4 exd4 5. Nxd4 Bb4 6. Nxc6 bxc6 7. Bd3 d5 8. Bd2 O-O 9. O-O Bxc3 {[%emt 0:06:50] C47: Scotch Four Knights and Four Knights with 4 g3.} 10. Bxc3 Nxe4 11. Bxe4 dxe4 {[%emt 0:00:05] White has an edge.} 12. Qe2 {[%emt 0:00:19] 12.Qh5 is the fancy move.} Re8 13. Rad1 {[%emt 0:01:40][%mdl 1024] White has compensation.} Qg5 {[%emt 0:00:48] [#] Threatens to win with ...Bg4.} 14. Qe3 Qg6 {[%emt 0:01:41] [#]} 15. Rd4 $146 ({Predecessor:} 15. Rfe1 Bg4 16. Rd4 Bf3 17. g3 Qf5 {0-1 (17) Roncea,I (1777)-Mihai,P (1999) ICCF email 2009}) 15... Bg4 {[%emt 0:13:38] Strongly threatening ...Bf3.} (15... f5 {is more complex.} 16. Ra4 Qd6 17. Qg5 Qf8) 16. Qg3 {[%emt 0:05:10] Inhibits Bf3.} Rad8 (16... Bf5 {is interesting.} 17. Qxc7 c5 18. Ra4 h6) 17. Qxc7 Rxd4 18. Bxd4 a6 19. b4 Bh3 {[%emt 0:05:10][%csl Gh3][%cal Rg6g2] [#] The position is equal.} 20. Qg3 Qxg3 21. hxg3 $11 {[%emt 0:00:04][%mdl 4096] Endgame KRB-KRB} Be6 22. a3 f5 23. Rd1 Rd8 24. Kf1 Kf7 25. Ke2 g5 26. Ke3 h5 27. Rc1 Bc4 28. a4 Kg6 29. Ra1 Re8 30. Ra3 Bf1 31. Rc3 Re6 {[%emt 0:00:15] With the idea ...h4.} ({But not} 31... Bxg2 32. Rxc6+ Kh7 33. Rf6 $16 (33. Rxa6 h4 $11)) 32. Rc5 Bxg2 {[%emt 0:00:29] White must now prevent ...h4.} 33. Be5 $1 {[%emt 0:04:33] An even fight not without its subleties.   Weighted Error Value: White=0.06 (flawless) /Black=0.07 (flawless)} 1/2-1/2

[Event "Hungarian Championship Women 2022"]
[Site "Budapest"]
[Date "2022.12.07"]
[Round "3.4"]
[White "Erdos, Boglarka"]
[Black "Dudas, Eszter"]
[Result "1-0"]
[ECO "C03"]
[WhiteElo "2180"]
[BlackElo "2135"]
[Annotator "TA"]
[PlyCount "91"]
[EventDate "2022.12.03"]
[EventType "tourn"]
[EventCountry "HUN"]
[SourceTitle "playchess.com"]
[Source "ChessBase"]
[SourceQuality "1"]
[TimeControl "40/5400+30:1800+30"]

1. e4 e6 2. d4 d5 3. Nd2 Be7 4. Ngf3 Nf6 5. e5 Nfd7 6. Bd3 c5 7. c3 Nc6 8. O-O g5 9. Nb1 {[%emt 0:01:57] C06: French Tarrasch: 3...Nf6 4 e5 Nfd7 5 Bd3 main lines.} g4 (9... Qb6 {looks sharper.} 10. Nxg5 Bxg5 11. Bxg5 Qxb2 12. Qd2 Qxd2 13. Nxd2 cxd4 14. cxd4 Nxd4 15. Be3 Nc6) 10. Ne1 h5 11. Be3 {[%emt 0:02:27] White has an edge.} Qb6 12. b3 Nf8 13. Nc2 Bd7 14. f3 {[%emt 0:10:46][%cal Bf2f3,Bf3f4][%mdl 32] [#]} g3 $146 ({Predecessor:} 14... Rg8 15. Nd2 Qa5 16. b4 cxb4 17. c4 Qd8 18. Qe2 Bg5 19. f4 Bh6 20. Rab1 a5 {½-½ (49) Roberson,P (2435)-Fodor,T (2518) Daventry 2020}) 15. hxg3 O-O-O 16. Nd2 Kb8 17. f4 cxd4 18. cxd4 f5 19. exf6 Bxf6 20. Nf3 Be8 {[%emt 0:07:09] Inhibits b4.} 21. Bf2 Qc7 22. b4 {[%emt 0:04:08][%cal Bb3b4,Bb4b5][%mdl 32] Against h4} Qg7 23. b5 $36 {[%emt 0:01:39][%mdl 2048] Prevents h4. White has strong initiative.} Ne7 24. Ne5 Rg8 {[%emt 0:02:41][%cal Of6h4] [#]} 25. Qf3 $1 {[%emt 0:09:57] White is more active.} h4 {[%emt 0:08:49] [#]} (25... Rc8 $16) 26. g4 $1 $18 {[%emt 0:00:29] g5 is the strong threat.} (26. gxh4 $6 Bh5 27. Qh3 (27. Qxh5 $2 Qxg2#) 27... Nfg6 $14) 26... Bxe5 27. dxe5 {[%emt 0:00:04] Threatens to win with Bc5.} (27. fxe5 $6 Bg6 $11) 27... Qxg4 28. Qxg4 Rxg4 29. Be2 {[%emt 0:01:14] A strong pair of Bishops.} Rxf4 {[%emt 0:04:15] [#]} 30. Bxa7+ $1 Kxa7 31. Rxf4 Nfg6 32. Rf6 {[%emt 0:00:47] Hoping for Nd4.} Nxe5 $2 (32... Bd7 33. Nd4 Nxe5 34. Nxe6 Rg8) 33. Rxe6 {[%emt 0:01:34] White is clearly winning.} N7g6 34. b6+ Kb8 35. Nd4 Bd7 36. Rd6 Rg8 37. Rf1 {[%emt 0:02:48] Prevents Nf4.} h3 38. g3 ({Much less strong is} 38. Rxd5 hxg2 39. Rf2 Bh3 $18) 38... Nh4 39. Kh2 Ng2 40. Rdf6 {[%emt 0:00:00] Black must now prevent Rf8+.} Ng6 {[%emt 0:00:00] Inhibits Rf8+.} 41. Nf5 {[%emt 0:10:16] Prevents Ne3.} d4 42. Bh5 Bb5 43. Rf2 ({Weaker is} 43. Rxg6 Rxg6 44. Bxg6 Bxf1 $16) 43... Ne3 44. Nxd4 ({Less strong is} 44. Bxg6 Ng4+ 45. Kxh3 Nxf2+ 46. Kg2 Ne4 $14) 44... Nf1+ 45. Rxf1 Bxf1 46. Rxf1 {[%emt 0:00:17] Weighted Error Value: White=0.08 (flawless) /Black=0.36} (46. Bxg6 $142 Bc4 47. a4) 1-0

[Event "Hungarian Championship Women 2022"]
[Site "Budapest"]
[Date "2022.12.07"]
[Round "3.5"]
[White "Terbe, Julianna"]
[Black "Ivan-Gal, Hanna Krisztina"]
[Result "1/2-1/2"]
[ECO "B40"]
[WhiteElo "2282"]
[BlackElo "2164"]
[Annotator "TA"]
[PlyCount "62"]
[EventDate "2022.12.03"]
[EventType "tourn"]
[EventCountry "HUN"]
[SourceTitle "playchess.com"]
[Source "ChessBase"]
[SourceQuality "1"]
[TimeControl "40/5400+30:1800+30"]

1. e4 c5 2. Nf3 e6 3. g3 d5 4. exd5 exd5 5. d4 Nc6 6. Bg2 {[%emt 0:00:05] B40: Sicilian: 2...e6, Unusual lines.} Bg4 7. O-O cxd4 8. Nbd2 {[%emt 0:00:42] The position is equal. is the new trend.} Bc5 9. h3 Bxf3 10. Qxf3 Nge7 11. Nb3 {[%emt 0:00:58][%mdl 1024] White has compensation.} Bb6 {[%emt 0:00:31] [#]} 12. h4 $146 ({Predecessor:} 12. Re1 O-O 13. Bf4 Qd7 14. Rad1 Qf5 15. Bd6 Rfe8 16. Bxe7 Qxf3 17. Bxf3 Rxe7 18. Bxd5 Rxe1+ 19. Rxe1 {1-0 (59) Samusenko,M (2333)-Nasybullina,A (2219) Moscow 2017}) 12... O-O 13. h5 h6 (13... Ne5 $5 14. Qe2 N7c6 $15) 14. Bf4 a5 15. a4 Nb4 16. c3 dxc3 17. bxc3 Nbc6 18. Rfd1 Qc8 19. Qd3 Bc7 20. Bxc7 Qxc7 21. Bxd5 (21. Rab1 $11) 21... Nxd5 22. Qxd5 Rfd8 23. Qb5 b6 (23... Ne5 $5 ) 24. Nd4 Ne5 25. Rab1 Rac8 26. Re1 Qxc3 27. Rxe5 {[%emt 0:01:15] [#] Nf5 is the strong threat.} (27. Qxe5 {simplifies} Qxd4 28. Qxd4 Rxd4 29. Rxb6 Rxa4 30. Ra6) 27... Qxd4 28. Rbe1 Qd6 29. R1e4 (29. Re8+ $11 Rxe8 30. Rxe8+ Rxe8 31. Qxe8+ Qf8 32. Qc6) 29... Rf8 {[%emt 0:02:41] Black is slightly better.} 30. Rd5 Qc6 31. Re7 Qxb5 {[%emt 0:02:28] Weighted Error Value: White=0.15 (very precise) /Black=0.10 (very precise)} 1/2-1/2

[Event "Hungarian Championship Women 2022"]
[Site "Budapest"]
[Date "2022.12.08"]
[Round "4.1"]
[White "Terbe, Zsuzsanna"]
[Black "Ivan-Gal, Hanna Krisztina"]
[Result "1/2-1/2"]
[ECO "E73"]
[WhiteElo "2114"]
[BlackElo "2164"]
[Annotator "TA"]
[PlyCount "126"]
[EventDate "2022.12.03"]
[EventType "tourn"]
[EventCountry "HUN"]
[SourceTitle "playchess.com"]
[Source "ChessBase"]
[SourceQuality "1"]
[TimeControl "40/5400+30:1800+30"]

1. d4 Nf6 2. c4 g6 3. Nc3 Bg7 4. e4 d6 5. Be2 O-O 6. Bg5 c5 7. d5 h6 8. Be3 e6 9. dxe6 Bxe6 10. Qd2 Qb6 {[%emt 0:05:28] [#] E74: King's Indian: Averbakh Variation: 6...c5.} 11. Rc1 $146 ({Predecessor:} 11. Bxh6 Bxh6 12. Qxh6 Qxb2 13. Rc1 Nc6 14. h4 Ne5 15. h5 Nfg4 16. Qf4 Nxf2 17. Qxf2 Qxc1+ 18. Nd1 g5 19. Nh3 f6 20. O-O Qc2 21. Ne3 Qxe4 22. Qg3 Kh8 23. h6 Rae8 24. Bh5 Nxc4 25. Re1 Bxh3 26. Bxe8 Rxe8 27. Nc2 Qxg2+ {0-1 (27) Kryakvin,D (2570)-Gochelashvili,D (2411) Sochi 2021}) 11... Kh7 12. h3 Nc6 {[%emt 0:02:30] White has an edge.} 13. Nf3 Nd7 14. b3 Nd4 15. O-O Nxf3+ 16. Bxf3 Ne5 17. Be2 Nc6 18. f4 (18. Qxd6 Bxc3 19. Rxc3 Nd4 20. Qxb6 Nxe2+ 21. Kh2 axb6) (18. Qxd6 $2 Bxc3 19. Rxc3 Nd4 20. Qxb6 Nxe2+ 21. Kh2 axb6 $19) 18... f5 19. exf5 (19. Qxd6 Bxc3 20. Qxe6 Rae8 21. Qd7+ Bg7 $17) 19... Bxf5 20. g4 (20. Qxd6 Nd4 21. Qxb6 Nxe2+ 22. Nxe2 axb6 $11) 20... Be6 (20... Bd7 $16 {keeps fighting.}) 21. Bd3 (21. Qxd6 Bxc3 22. Rxc3 (22. Qxe6 Rfe8 $17) 22... Nd4 23. Qxb6 (23. Qe7+ $2 Rf7 $19) 23... Nxe2+ 24. Kf2 axb6 $11) 21... Qd8 22. f5 (22. Bxg6+ Kxg6 23. Qd3+ (23. f5+ Bxf5 24. Rxf5 Rxf5 $11) 23... Kf7 $16) ({Better is} 22. Nb5) 22... Qh4 $16 23. fxg6+ (23. fxe6 $6 Qg3+ 24. Kh1 Qxh3+ 25. Kg1 Qg3+ 26. Kh1 Qh3+ 27. Kg1 Qg3+ 28. Kh1 Qh3+ $11) (23. Qg2 $16 gxf5 24. gxf5) 23... Kh8 $11 24. Qg2 {[%emt 0:00:22] Prevents Qg3. And now Nb5 would win. Chess con chili.} Ne5 (24... Rxf1+ $11 {might be stronger.} 25. Bxf1 Rf8) 25. Bf5 $14 Bxf5 26. gxf5 {[%emt 0:00:30] Hoping for Nd5.} Qh5 $1 27. Ne4 (27. Qxb7 Qxh3 28. Nd1 Rae8 $17) 27... Rxf5 28. Nxd6 Rxf1+ 29. Rxf1 Nxg6 30. Nf5 {[%emt 0:01:42] White is much more active.} (30. Nxb7 $6 Qe5 31. Qxg6 (31. Nxc5 $2 Qxe3+ 32. Kh1 Rf8 $19) (31. Bxc5 Nh4 $11) 31... Qxe3+ 32. Kg2 Rg8 $15) 30... Rg8 31. Qg4 {[%emt 0:04:30] Against Nh4} (31. Bxc5 $2 Be5 32. Kh1 (32. Qxb7 Nf4+) 32... Nf4 $19) (31. Qxb7 $2 Bd4 32. Bxd4+ Ne5+ 33. Kh2 cxd4 $19) (31. Qf3 {simplifies} Qxf3 32. Rxf3 Bf8 33. Kf1) 31... Qxg4+ 32. hxg4 Ne5 $1 33. Bxc5 (33. Nxh6 $2 {perishes.} Bxh6 34. Bxc5 (34. Bxh6 $2 Nxg4 35. Bd2 Ne3+ 36. Kf2 Nxf1 $19) 34... Rxg4+ 35. Kh2 Bf4+ 36. Kh3 Rg3+ 37. Kh2 Nf3+ 38. Kh1 a6 $19) 33... Nxg4 34. Nxg7 Kxg7 35. Bxa7 {[%emt 0:00:55][%mdl 4096] Endgame KRB-KRN} Ra8 36. Bd4+ Kg6 37. a4 Rd8 38. Bb6 Rd2 39. a5 h5 40. Rf8 (40. Bc7 $14) 40... Rd1+ 41. Kg2 Rd2+ (41... Rb1 $11) 42. Kg3 {[%emt 0:01:40] Threatens to win with Kf4.} (42. Kf3 $5 ) 42... Rd3+ 43. Rf3 Rxf3+ 44. Kxf3 {[%emt 0:00:09] KB-KN} Ne5+ {[%emt 0:00:02] [#]} 45. Ke4 $1 Nc6 {[%emt 0:00:13] [#]} 46. Kd5 (46. a6 $1 $16 {[%cal Ra6a7] aiming for a7.} bxa6 47. Kd5 Nb4+ 48. Ke6) 46... h4 $11 {[%emt 0:00:18] The position is equal.} 47. Bc7 {[%emt 0:02:35] Strongly threatening Kc5.} h3 48. Kc5 Nxa5 $1 49. b4 Nc6 50. b5 Nd8 {[%emt 0:02:36] ( -> ...Ne6+)} 51. Bg3 Kf7 52. Kd6 Ke8 53. c5 Nf7+ 54. Kc7 Nd8 55. b6 Ke7 56. Bd6+ (56. Kc8 $5) 56... Ke8 57. Kc8 $1 Nf7 58. Bh2 {[%emt 0:02:29] Threatening mate with c6.} Nd8 59. Bg3 (59. Bc7 $5) 59... Ke7 60. Bc7 Ke8 61. Bd6 Nf7 62. Kc7 {[%emt 0:00:14] Black must now prevent c6.} Nd8 (62... Nxd6 $2 63. cxd6 h2 64. d7+ (64. Kxb7 {gets mated.} h1=Q+ 65. Ka6 Qc6 66. Ka5 Qc5+ 67. Ka4 Qxb6 68. Ka3 Qb1 69. Ka4 Kd7 70. Ka3 Kxd6 71. Ka4 Kc6 72. Ka3 Kc5 73. Ka4 Qb4#) 64... Kf7 65. d8=Q $18 (65. d8=R $2 {is the wrong capture.} h1=Q $19)) 63. Bg3 Ke7 {[%emt 0:00:50] Weighted Error Value: White=0.11 (very precise) /Black=0.12 (very precise)} 1/2-1/2

[Event "Hungarian Championship Women 2022"]
[Site "Budapest"]
[Date "2022.12.08"]
[Round "4.2"]
[White "Dudas, Eszter"]
[Black "Terbe, Julianna"]
[Result "1-0"]
[ECO "C84"]
[WhiteElo "2135"]
[BlackElo "2282"]
[Annotator "TA"]
[PlyCount "155"]
[EventDate "2022.12.03"]
[EventType "tourn"]
[EventCountry "HUN"]
[SourceTitle "playchess.com"]
[Source "ChessBase"]
[SourceQuality "1"]
[TimeControl "40/5400+30:1800+30"]

1. e4 e5 2. Nf3 Nc6 3. Bb5 a6 4. Ba4 Nf6 5. O-O Be7 6. d3 d6 (6... b5 $5 7. Bb3 d6 $11) 7. Re1 {[%emt 0:03:07] C84: Closed Ruy Lopez: Unusual White 6th moves.} O-O (7... b5 $5 8. Bb3 O-O $11) 8. Bd2 Re8 (8... b5 $5 9. Bb3 $8 Bg4 $11) 9. h3 {[%emt 0:04:25] The position is equal.} h6 10. a3 Bf8 {[%emt 0:03:29] [#]} 11. Nc3 $146 ({Predecessor:} 11. c4 Bd7 12. Nc3 Ne7 13. Bxd7 Qxd7 14. Nd5 Nfxd5 15. cxd5 c6 16. dxc6 Nxc6 17. Qb3 {1-0 (54) Puranik,A (2608)-Matlakov,M (2671) Chess.com INT 2022}) 11... b5 12. Bb3 Na5 13. Ba2 c5 14. Nd5 Nc6 15. c3 Be6 16. b4 Rc8 17. Qb1 Bxd5 18. exd5 Ne7 19. c4 cxb4 20. axb4 (20. Bxb4 Ng6 $11) 20... Ng6 21. Bb3 Qb6 22. Be3 Qb7 23. Qa2 e4 24. dxe4 (24. Qxa6 $2 Qxa6 25. Rxa6 exf3 26. gxf3 Ne5 $19) 24... Nxe4 (24... Rxe4 $16 25. cxb5 (25. Qxa6 Qxa6 26. Rxa6 bxc4 $11) (25. Nd2 Rh4 $14) 25... axb5) 25. Qxa6 $18 Qxa6 26. Rxa6 bxc4 {[%emt 0:00:23] [#]} 27. Ba4 Nc3 $2 (27... Re7 {was necessary.} 28. Bc6 Ne5) 28. Bxe8 Rxe8 29. Ra5 Rb8 30. Nd4 {[%emt 0:01:33] And now Bd2 would win.} Ne7 31. Nc6 Rb7 32. Nxe7+ Bxe7 33. Bd4 Bf6 34. Bxf6 gxf6 {[%emt 0:00:01][%mdl 4096] Endgame KRR-KRN} 35. Re3 Nb5 36. Ra8+ Kh7 37. Rc8 c3 38. g4 f5 39. Kg2 Kg6 40. Kg3 (40. Rc4 $18) 40... Nd4 (40... Ra7 $16 41. Ree8 Kf6) 41. Rc4 ({Worse is} 41. Rexc3 Ne2+ 42. Kf3 Nxc3 43. Rxc3 Rxb4 $11) 41... c2 (41... Nb5 {might work better.} 42. Re8 Kf6) 42. Re1 (42. Rxd4 $2 {perishes.} c1=Q 43. Rf3 fxg4 44. Rxg4+ Kh7 $19) 42... c1=Q 43. Rcxc1 Rxb4 44. Rb1 Ne2+ 45. Kf3 ({Not} 45. Rxe2 Rxb1 46. gxf5+ Kf6 $11) 45... Rxb1 {[%emt 0:01:11] [#]} (45... Nd4+ 46. Kg3 Rb5 47. Rxb5 Nxb5) 46. Rxb1 {[%emt 0:00:05] KR-KN} Nc3 47. Rb6 Nxd5 48. Rxd6+ {[%emt 0:00:05] White mates.} Nf6 49. Kf4 fxg4 50. hxg4 Kg7 51. Kf5 Nh7 52. f4 Nf8 53. Ke5 Ng6+ 54. Ke4 Nf8 55. f5 Nh7 56. Ke5 Ng5 57. Ra6 Nf3+ 58. Kf4 Ng5 59. Kg3 Ne4+ 60. Kf3 Ng5+ 61. Kf4 Nh3+ 62. Kg3 Ng5 63. Kh4 Ne4 64. Ra4 Nf6 65. g5 hxg5+ 66. Kxg5 Nh7+ 67. Kf4 Kf6 68. Ra6+ Kg7 69. Ke5 Ng5 70. f6+ Kg6 71. Ra3 Ne6 72. Rg3+ Kh6 73. Rg4 Kh7 74. Kd6 Nf8 75. Rg7+ Kh8 76. Rxf7 Ng6 77. Rg7 Nf4 78. Rg5 {[%emt 0:00:16] Weighted Error Value: White=0.11 (very precise) /Black=0.33} 1-0

[Event "Hungarian Championship Women 2022"]
[Site "Budapest"]
[Date "2022.12.08"]
[Round "4.3"]
[White "Havanecz, Bianka"]
[Black "Erdos, Boglarka"]
[Result "1-0"]
[ECO "D78"]
[WhiteElo "2210"]
[BlackElo "2180"]
[Annotator "TA"]
[PlyCount "57"]
[EventDate "2022.12.03"]
[EventType "tourn"]
[EventCountry "HUN"]
[SourceTitle "playchess.com"]
[Source "ChessBase"]
[SourceQuality "1"]
[TimeControl "40/5400+30:1800+30"]

1. Nf3 Nf6 2. g3 g6 3. Bg2 Bg7 4. O-O d5 5. d4 O-O 6. c4 c6 7. b3 {[%emt 0:05:32] 7.Nc3 is a critical line.} dxc4 8. bxc4 c5 $1 {[%emt 0:00:04] D78: Fianchetto Grünfeld: 6 0-0 c6.} 9. e3 (9. dxc5 $2 Nh5 $19) 9... Nfd7 (9... Nc6 $5 ) 10. Bb2 Nc6 {[%emt 0:00:25] [#] White is slightly better.} 11. Qe2 $146 ({Predecessor:} 11. Nbd2 Nb6 12. Rc1 Be6 13. Ng5 Bd7 14. Nb3 e5 15. dxc5 Qxg5 16. cxb6 Bg4 17. h4 {1-0 (45) Kholmov,R-Shaposhnikov,Y Tashkent 1958}) 11... Qb6 {[%emt 0:13:39][%cal Rc5d4] Inhibits d5.} 12. Rd1 cxd4 13. exd4 Re8 ({Black should play} 13... e5 $1 $14) 14. Nc3 $16 Nf6 15. d5 Na5 16. Ne5 (16. Rac1 $16) 16... Ng4 17. Na4 ({Reject} 17. Nxg4 $6 Bxg4 18. Qxg4 Qxb2 $11) (17. c5 $16 Qa6 18. Qxa6 (18. Nxg4 Qxe2 19. Nxe2 Bxb2 $17) 18... bxa6 19. Nd3) 17... Qb4 $14 18. Nxg4 Bxg4 19. Qxg4 {[%emt 0:00:07] aiming for Bxg7.} Bxb2 {[%emt 0:00:51] This move loses the game for Black.} (19... Qxa4 $16 20. Bxg7 Kxg7) 20. Nxb2 $18 Qxb2 {[%emt 0:00:04] [#]} 21. c5 $1 {[%emt 0:06:08][%cal Bc4c5,Bc5c6,Bc6c7][%mdl 32] Black must now prevent Qa4.} Qb5 {[%emt 0:03:26] Prevents Qa4.} 22. Rac1 Rac8 $2 (22... Rec8 23. Qd4 Qd7) 23. Bf1 {[%emt 0:03:39] White is clearly winning.} Qb2 24. Qa4 b6 25. Ba6 Rcd8 26. c6 Rxd5 27. c7 b5 28. Qxa5 Rf5 29. Qd2 {[%emt 0:00:20] Weighted Error Value: White=0.14 (very precise) /Black=0.61} ({And not} 29. c8=R Qxf2+ 30. Kh1 Qf3+ 31. Kg1 Qf2+ 32. Kh1 Qf3+ 33. Kg1 Qf2+ $11) 1-0